 Dungeon Crawl Stone Soup version 0.27-a0-1228-gfd60fd639a (webtiles) character file.

Game seed: 14543456216640970958

9814 tsouns the Thaumaturge (level 11, -34/47 HPs)
             Began as a Spriggan Earth Elementalist on June 8, 2021.
             Was a High Priest of Kikubaaqudgha.
             Annihilated by a boulder beetle (54 damage)
             ... on level 11 of the Dungeon.
             The game lasted 00:29:52 (15501 turns).

tsouns the Thaumaturge (SpEE)                      Turns: 15501, Time: 00:29:54

Health: -34/47     AC:  6    Str:  4    XL:     11   Next: 28%
Magic:  2/28       EV: 20    Int: 23    God:    Kikubaaqudgha [*****.]
Gold:   1197       SH:  0    Dex: 21    Spells: 19/34 levels left

rFire    . . .     SeeInvis +   A - +8 short sword of Nightmares {flame, rCorr Int+2}
rCold    . . .     Faith    .   (shield restricted)
rNeg     . . .     Spirit   .   B - +0 troll leather armour
rPois    .         Reflect  .   (helmet restricted)
rElec    .         Harm     .   g - +1 cloak
rCorr    +         Rampage  .   (gloves unavailable)
Will     +....                  (boots unavailable)
Stlth    +++.......             (no amulet)
HPRegen  1.15/turn              s - +4 ring of evasion
MPRegen  0.21/turn              x - +6 ring of dexterity

@: very quick
A: very small, no large weapons, unfitting armour, see invisible, speed 3
a: Renounce Religion, Receive Corpses, Torment


You were on level 11 of the Dungeon.
You worshipped Kikubaaqudgha.
Kikubaaqudgha was extremely pleased with you.
You visited 1 branch of the dungeon, and saw 11 of its levels.
You also visited: Bailey.

You collected 1197 gold pieces.

Inventory:

Hand Weapons
 a - a +1 short sword of electrocution
 A - the +8 short sword of Nightmares (weapon) {flame, rCorr Int+2}
   (You found it in a bailey)

   It has been specially enchanted to burn those struck by it, causing extra
   injury to most foes and up to half again as much damage against particularly
   susceptible opponents.
   It affects your intelligence (+2).
   It protects you from acid and corrosion.
Missiles
 h - 170 stones
 k - a curare-tipped dart
 r - 5 boomerangs of dispersal
 F - a throwing net
Armour
 c - a +0 robe
 g - a +1 cloak (worn)
 B - a +0 troll leather armour (worn)
 D - the +1 robe of Intuition {rF+ Will+ Str+3 Stlth-}
   (You found it on level 9 of the Dungeon)

   It affects your strength (+3).
   It protects you from fire.
   It increases your willpower.
   It makes you less stealthy.
 K - +0 acid dragon scales
Jewellery
 f - a ring of ice
 p - a ring of protection from cold
 s - a +4 ring of evasion (left hand)
 x - a +6 ring of dexterity (right hand)
 C - a ring of positive energy
 H - a ring of magical power
Wands
 y - a wand of flame (15)
Scrolls
 b - 2 scrolls of brand weapon
 d - 2 scrolls of enchant weapon
 e - a scroll of immolation
 n - a scroll of fog
 q - a scroll of summoning {unknown}
 w - 5 scrolls of noise
 E - 3 scrolls of fear
 I - a scroll of teleportation
 J - 2 scrolls of identify
Potions
 i - 3 potions of lignification
 j - 3 potions of haste
 l - 6 potions of curing
 m - 2 potions of flight {unknown}
 o - a potion of mutation {unknown}
 t - 3 potions of heal wounds
 u - a potion of attraction {unknown}
 v - 3 potions of ambrosia {unknown}
 z - 3 potions of might {unknown}
 G - 9 potions of degeneration


   Skills:
 + Level 0.0 Short Blades
 - Level 2.6 Dodging
 + Level 4.7 Stealth
 + Level 12.3 Spellcasting
 + Level 7.6 Conjurations
 - Level 1.3 Transmutations
 + Level 9.8 Earth Magic


You had 19 spell levels left.
You knew the following spells:

 Your Spells              Type           Power      Damage    Failure   Level
a - Sandblast             Erth           100%       2d20      1%          1
b - Passwall              Tmut/Erth      33%        N/A       1%          2
c - Stone Arrow           Conj/Erth      100%       3d13      1%          3
d - Petrify               Tmut/Erth      40%        N/A       8%          4
e - Lee's Rapid Deconstr  Erth           28%        3d16*     3%          5

Your spell library contained the following spells:

 Spells                   Type           Power      Damage    Failure   Level
 Animate Skeleton         Necr           28%        N/A       9%          1
 Pain                     Necr           56%        1d6       9%          1
 Sublimation of Blood     Necr           7%         N/A       12%         2
 Vampiric Draining        Necr           7%         2d7       24%         3
 Borgnjor's Vile Clutch   Necr/Erth      18%        N/A       28%         5
 Animate Dead             Necr           7%         N/A       63%         4
 Dispel Undead            Necr           14%        3d10      63%         4
 Agony                    Necr           14%        N/A       92%         5
 Death Channel            Necr           7%         N/A       100%        6


Dungeon Overview and Level Annotations

Branches:
Dungeon (11/15)            Temple (0/1) D:5            Lair (0/6) D:9
    Orc (0/2) D:10         Bailey (visited)

Altars:
Cheibriados
Dithmenos
Hepliaklqana
Kikubaaqudgha
Zin
Beogh

Annotations:
D:6 3 runed translucent doors, sn0wgr3's ghost, novice GrFi


Innate Abilities, Weirdness & Mutations

You are very small and have problems with some larger weapons.
You are too small for most types of armour.
You have supernaturally acute eyesight. (SInv)
You cover ground extremely quickly. (Speed+++)


Message History

The boulder beetle is moderately wounded.
Unknown command.
Casting: Lee's Rapid Deconstruction (dangerous; 3% risk of failure)
Confirm with . or Enter, or press ? or * to list all spells.
Aiming: Lee's Rapid Deconstruction (dangerous; 3% risk of failure)
Press: ? - help, Dir - move target, f/p - boulder beetle Fragment what (e.g. wall or brittle monster)?: a boulder beetle (moderately wounded, rolling, petrified)
The boulder beetle shatters!!
The boulder beetle is heavily wounded.
Unknown command.
Casting: Lee's Rapid Deconstruction (dangerous; 3% risk of failure)
Confirm with . or Enter, or press ? or * to list all spells.
Aiming: Lee's Rapid Deconstruction (dangerous; 3% risk of failure)
Press: ? - help, Dir - move target, f/p - boulder beetle Fragment what (e.g. wall or brittle monster)?: a boulder beetle (heavily wounded, rolling, petrified)
The boulder beetle shatters!
The boulder beetle is heavily wounded.
Unknown command.
Casting: Lee's Rapid Deconstruction (dangerous; 3% risk of failure)
Confirm with . or Enter, or press ? or * to list all spells.
You don't have enough magic to cast this spell.
Unknown command.
The helpless boulder beetle fails to defend itself.
You hit the boulder beetle. You burn the boulder beetle.
The boulder beetle is heavily wounded.
The helpless boulder beetle fails to defend itself.
You puncture the boulder beetle! You burn the boulder beetle.
The boulder beetle is severely wounded.
The boulder beetle is no longer petrified.
The boulder beetle hits you!
The boulder beetle stops rolling and uncurls.
You hit the boulder beetle but do no damage.
The boulder beetle is severely wounded.
The boulder beetle bites you!
The boulder beetle curls into a ball and begins rolling!
There is a stone staircase leading up, spattered with blood here.
The boulder beetle hits you!!!
Ouch! That really hurt!
You die...
Kikubaaqudgha rasps: "You have failed me!
Welcome... death!"

#.......#
########..(....#
.......'.......#
.#######.......#
#.......#
######'## #.##
#..# ##@# #B#
######○###
#........# ##
#........#
+.##........#
#..°........#
####........#
#........#


You could see a boulder beetle (rolling).

Vanquished Creatures
  A deep elf zephyrmancer (D:7)
  A cyclops (D:8)
  2 trolls
  A hornet (D:9)
  2 wraiths
  A wyvern (D:10)
  Eustachio (D:4)
  14 yaks
  Menkaure (D:5)
  An acid dragon (D:10)
  A water moccasin (D:5)
  A swamp drake (D:10)
  8 orc warriors
  An ice beast (D:8)
  4 sky beasts
  A black bear (D:7)
  2 necrophages
  3 ogres
  2 wolves (D:9)
  3 centaurs
  A phantom (D:5)
  3 kobold brigands
  2 bullfrogs (D:8)
  2 gnoll sergeants
  2 wyvern zombies
  5 scorpions
  A water moccasin skeleton (D:7)
  A wyvern skeleton (D:4)
  9 killer bees
  2 howler monkeys
  8 wights
  2 electric eels (D:9)
  4 centaur zombies
  5 hounds
  3 orc priests
  5 gnoll shamans
  2 iguanas
  9 orc wizards
  3 howler monkey zombies (D:9)
  6 adders
  24 gnolls
  A white imp (D:5)
  An adder skeleton (D:4)
  3 worms
  4 dart slugs
  42 orcs
  6 endoplasms
  12 goblins
  3 hobgoblins
  18 jackals
  3 quokkas (D:1)
  7 ball pythons
  A bat (D:2)
  A frilled lizard (D:3)
  27 kobolds
  10 rats (D:1)
289 creatures vanquished.

Notes
Turn   | Place    | Note
-------+----------+-------------------------------------------
     0 | D:1      | tsouns the Spriggan Earth Elementalist began the quest for
                  | the Orb.
     0 | D:1      | Reached XP level 1. HP: 9/9 MP: 5/5
   119 | D:1      | Reached skill level 3 in Spellcasting
   153 | D:1      | Reached XP level 2. HP: 13/13 MP: 1/7
   765 | D:1      | Found a faded altar of an unknown god.
   771 | D:1      | Became a worshipper of Kikubaaqudgha
   771 | D:1      | Reached * piety under Kikubaaqudgha
   771 | D:1      | Identified Kikubaaqudgha's Reference Book on Dark Arts
                  | (Kikubaaqudgha gifted it to you on level 1 of the Dungeon)
   771 | D:1      | Received a gift from Kikubaaqudgha
   891 | D:1      | Reached XP level 3. HP: 13/16 MP: 1/9
  1378 | D:1      | Learned a level 2 spell: Passwall
  1382 | D:1      | Learned a level 3 spell: Stone Arrow
  1916 | D:2      | Reached skill level 4 in Spellcasting
  2319 | D:3      | Reached ** piety under Kikubaaqudgha
  2325 | D:3      | Reached XP level 4. HP: 21/21 MP: 3/11
  2730 | D:3      | Reached skill level 1 in Conjurations
  3022 | D:4      | Found a shadowy altar of Dithmenos.
  3022 | D:4      | Found a snail-covered altar of Cheibriados.
  3022 | D:4      | Found a hazy altar of Hepliaklqana.
  3169 | D:4      | Noticed a necrophage
  3173 | D:4      | Killed a necrophage
  3174 | D:4      | Reached XP level 5. HP: 19/24 MP: 8/13
  3330 | D:4      | Reached skill level 5 in Spellcasting
  3637 | D:4      | Found a glowing silver altar of Zin.
  3683 | D:4      | Reached XP level 6. HP: 27/28 MP: 8/14
  3688 | D:4      | Learned a level 4 spell: Petrify
  3694 | D:4      | Learned a level 5 spell: Lee's Rapid Deconstruction
  4056 | D:4      | Noticed Eustachio
  4118 | D:4      | Killed Eustachio
  4214 | D:5      | Entered Level 5 of the Dungeon
  4266 | D:5      | Reached skill level 6 in Spellcasting
  4266 | D:5      | Reached XP level 7. HP: 32/32 MP: 5/17
  4362 | D:5      | Found a staircase to the Ecumenical Temple.
  4381 | D:5      | Reached skill level 5 in Earth Magic
  4493 | D:5      | Reached *** piety under Kikubaaqudgha
  4493 | D:5      | Identified Kikubaaqudgha's Volume of Dark Secrets
                  | (Kikubaaqudgha gifted it to you on level 5 of the Dungeon)
  4493 | D:5      | Received a gift from Kikubaaqudgha
  4901 | D:5      | Noticed Menkaure
  4904 | D:5      | Killed Menkaure
  4905 | D:5      | Reached skill level 7 in Spellcasting
  5005 | D:5      | Reached XP level 8. HP: 36/36 MP: 7/19
  5989 | D:6      | Reached skill level 8 in Spellcasting
  6162 | D:6      | Found a runed translucent gate.
  6163 | D:6      | Found a runed translucent gate.
  6164 | D:6      | Noticed sn0wgr3's ghost (novice GrFi)
  6164 | D:6      | Found a runed translucent gate.
  6265 | D:6      | You fall into a shaft and drop 2 floors!
  6701 | D:8      | Found a flagged portal.
  6729 | Bailey   | Entered a bailey
  7159 | Bailey   | Reached **** piety under Kikubaaqudgha
  7163 | Bailey   | Reached XP level 9. HP: 39/39 MP: 8/22
  7478 | Bailey   | Found a burning altar of Makhleb.
  7495 | Bailey   | Identified the +8 short sword of Nightmares {flame, rCorr
                  | Int+2}
  7515 | D:8      | Reached skill level 9 in Spellcasting
  7573 | D:8      | Noticed a boulder beetle
  7688 | D:7      | Reached skill level 5 in Conjurations
  9895 | D:7      | Noticed a deep elf zephyrmancer
  9900 | D:7      | Killed a deep elf zephyrmancer
  9901 | D:7      | Reached skill level 10 in Spellcasting
 10519 | D:8      | Reached XP level 10. HP: 44/44 MP: 16/25
 11138 | D:8      | Identified the +7 falchion of Honour {holy, *Slow rPois
                  | SInv Stlth+}
 11575 | D:8      | Noticed a cyclops
 11580 | D:8      | Killed a cyclops
 11745 | D:9      | Reached skill level 11 in Spellcasting
 11960 | D:9      | Reached ***** piety under Kikubaaqudgha
 12277 | D:9      | Found a staircase to the Lair.
 12304 | D:9      | Identified the +1 robe of Intuition {rF+ Will+ Str+3
                  | Stlth-}
 13191 | D:10     | Entered Level 10 of the Dungeon
 13543 | D:10     | Reached XP level 11. HP: 24/47 MP: 8/27
 13639 | D:10     | Reached skill level 12 in Spellcasting
 14327 | D:10     | Found a staircase to the Orcish Mines.
 15361 | D:11     | Noticed a boulder beetle
 15501 | D:11     | Annihilated by a boulder beetle

Illustrated notes

Levels and vault maps discovered:
D:1:      lightli_arrival_flooded_house, layout_basic,
          hellmonk_ecumenical_altar_lost_god, minmay_rat_gold_closets
D:2:      layout_rooms, due_unseen_surprise
D:3:      layout_rooms, kennysheep_generic_room_13
D:4:      layout_loops_ring, zin_academy,
          chequers_temple_overflow_statue_of_worship, uniq_eustachio
D:5:      cheibrodos_quashed, layout_basic, minmay_temple_entry_large_hall,
          guppyfry_early_lair_pool, uniq_menkaure
D:6:      layout_rooms, biasface_ghost_orc_armoury, grunt_decor_clamped,
          grunt_decor_fettered, minmay_puff
D:7:      layout_loops_ring, enter_ossuary_5, dk_vineyard_2,
          guppyfry_early_elven_hall
D:8:      minmay_opposing_rooms, layout_gridville, enter_bailey_4
D:9:      layout_rooms, erik_lair_island, hangedman_decor_clover_reticule,
          kennysheep_doodads, grunt_ministairs_2
D:10:     layout_basic, erik_orc_1, hangedman_abyss_or_decor_stabs,
          grunt_decor_cap, serial_park_tiny_pond
D:11:     layout_roguey

Skill      XL: |  1  2  3  4  5  6  7  8  9 10 11 |
---------------+----------------------------------+-----
Spellcasting   | 3 4 5 6 7 8 10 11 12 | 12.3
Earth Magic    | 3 4 5 6 8 9 |  9.8
Conjurations   | 1 2 3 4 6 7 |  7.6
Stealth        | 4 |  4.7
Dodging        | |  2.6
Transmutations | |  1.3

Action                   |  1- 3 |  4- 6 |  7- 9 | 10-12 || total
-------------------------+-------+-------+-------+-------++-------
Melee: Short sword       |    16 |    16 |     7 |    69 ||   108
 Cast: Sandblast         |    65 |    78 |    57 |     3 ||   203
       Stone Arrow       |       |       |   146 |   160 ||   306
       Lee's Rapid Decon |       |       |     1 |     5 ||     6
       Passwall          |       |       |     1 |       ||     1
       Petrify           |       |       |       |    13 ||    13
  Use: Potion            |       |       |     5 |       ||     5
       Scroll            |       |       |    14 |       ||    14
 Stab: Petrified         |       |       |       |    29 ||    29
       Petrifying        |       |       |       |     1 ||     1
       Sleeping          |       |       |       |     1 ||     1
Armor: Robe              |     4 |     2 |     2 |       ||     8
       Skin              |       |       |     4 |       ||     4
       Troll leather arm |       |       |       |     7 ||     7
Dodge: Dodged            |    33 |    41 |   109 |    51 ||   234

Table legend: (Time is in decaauts)
 A = Elapsed time spent in this place.
 B = Non-inter-level travel time spent in this place.
 C = Inter-level travel time spent in this place.
 D = Time resting spent in this place.
 E = Time spent auto-exploring this place.
 F = Levels seen in this place.
 G = Mean time per level.
                   A        B        C        D        E       F      G
               +--------+--------+--------+--------+--------+-----+--------+
         Total |  12668 |  12484 |    184 |      8 |  10656 |  12 | 1055.7 |
       Dungeon |  11961 |  11777 |    184 |      8 |  10096 |  11 | 1087.4 |
        Bailey |    707 |    707 |      0 |      0 |    559 |   1 |  707.0 |
               +--------+--------+--------+--------+--------+-----+--------+

Top non-repeatable levels by time:
     D:8: 1940 daAuts
    D:10: 1581 daAuts
     D:7: 1361 daAuts
     D:1: 1327 daAuts
     D:6: 1294 daAuts
     D:5: 1160 daAuts
     D:9: 1110 daAuts
     D:4: 943 daAuts
  Bailey: 707 daAuts
     D:3: 660 daAuts
     D:2: 404 daAuts
    D:11: 177 daAuts
